SNL (28 & UNDER)
BLACKIRON DRAGONS @ WICHITA WRANGLERS
08/09/2030
 
TOP OF THE 1ST
BlackIron Dragons batting - Pitching for Wichita Wranglers : RHP Mike Spencer
Pitching: RHP Mike Spencer
Batting: RHB Joaquín Valenzuela 0-0: Foul Ball, location: 2F
0-1: Ball
1-1: Foul Ball, location: 2F
1-2: Strikes out looking
Batting: RHB Mel Wells 0-0: Ball
1-0: Foul Ball, location: 2F
1-1: Foul Ball, location: 2F
1-2: Ball
2-2: Strikes out swinging
Batting: RHB Millard Long 0-0: Ball
1-0: Called Strike
1-1: Ball
2-1: Ball
3-1: Called Strike
3-2: Base on Balls
Batting: RHB Foster Hapgood 0-0: Called Strike
0-1: Foul Ball, location: 2F
0-2: Ball
1-2: Fly out, F8 (Flyball, 8RXD)
Top of the 1st over - 0 runs, 0 hits, 0 errors, 1 left on base; BlackIron 0 - Wichita 0
BOTTOM OF THE 1ST
Wichita Wranglers batting - Pitching for BlackIron Dragons : LHP Ben Newman
Pitching: LHP Ben Newman
Batting: LHB Terry Neal 0-0: Ball
1-0: Foul Ball, location: 2F
1-1: Fly out, F8 (Flyball, 8LM)
Batting: LHB John Lynch 0-0: Called Strike
0-1: Ball
1-1: Ball
2-1: Called Strike
2-2: Strikes out looking
Batting: RHB Taylor Justice 0-0: Called Strike
0-1: Ball
1-1: Swinging Strike
1-2: Foul Ball, location: 2F
1-2: Fly out, F9 (Flyball, 9S)
Bottom of the 1st over - 0 runs, 0 hits, 0 errors, 0 left on base; BlackIron 0 - Wichita 0
TOP OF THE 2ND
BlackIron Dragons batting - Pitching for Wichita Wranglers : RHP Mike Spencer
Batting: RHB Alexander Barr 0-0: Foul Ball, location: 2F
0-1: Called Strike
0-2: Ball
1-2: Ball
2-2: Ball
3-2: Foul Ball, location: 2F
3-2: Strikes out swinging
Batting: RHB Jason Erickson 0-0: Ball
1-0: Foul Ball, location: 2F
1-1: Swinging Strike
1-2: Strikes out looking
Batting: RHB Júlio Rodríguez 0-0: Called Strike
0-1: Called Strike
0-2: Foul Ball, location: 2F
0-2: Ball
1-2: Ground out 1-3 (Groundball, P)
Top of the 2nd over - 0 runs, 0 hits, 0 errors, 0 left on base; BlackIron 0 - Wichita 0
BOTTOM OF THE 2ND
Wichita Wranglers batting - Pitching for BlackIron Dragons : LHP Ben Newman
Batting: RHB Travis Ezell 0-0: Ball
1-0: Called Strike
1-1: Ground out 4-3 (Groundball, 4)
Batting: LHB Travis Jefferson 0-0: Ball
1-0: Fly out, F7 (Line Drive, 7)
Batting: RHB Ricardo Velásquez 0-0: Foul Ball, location: 2F
0-1: Called Strike
0-2: Strikes out swinging
Bottom of the 2nd over - 0 runs, 0 hits, 0 errors, 0 left on base; BlackIron 0 - Wichita 0
TOP OF THE 3RD
BlackIron Dragons batting - Pitching for Wichita Wranglers : RHP Mike Spencer
Batting: RHB Randall Walker 0-0: Ball
1-0: Called Strike
1-1: Foul Ball, location: 2F
1-2: Ball
2-2: Strikes out looking
Batting: LHB Joe Baker 0-0: Ground out 4-3 (Groundball, 4)
Batting: RHB Joaquín Valenzuela 0-0: Called Strike
0-1: Foul Ball, location: 2F
0-2: Ball
1-2: Foul Ball, location: 2F
1-2: Ground out 5-3 (Groundball, 56S)
Top of the 3rd over - 0 runs, 0 hits, 0 errors, 0 left on base; BlackIron 0 - Wichita 0
BOTTOM OF THE 3RD
Wichita Wranglers batting - Pitching for BlackIron Dragons : RHP José Moreno
Pitching: RHP José Moreno
Batting: RHB Walter Brown 0-0: Ball
1-0: Ball
2-0: Ball
3-0: Called Strike
3-1: Swinging Strike
3-2: Base on Balls
Batting: RHB Mauro Paredes 0-0: Foul Ball, location: 2F
0-1: SINGLE (Groundball, 6MD)
Walter Brown to second
Runner from 2nd tries for 3rd, SAFE, no throw
Batting: SHB Dan Dunn 0-0: Ball
1-0: Swinging Strike
1-1: Foul Ball, location: 2F
1-2: Ground out 4-3 (Groundball, 4S)
Walter Brown scores
Mauro Paredes to second
Batting: LHB Terry Neal 0-0: Foul Ball, location: 2F
0-1: Ball
1-1: Ground out 6-3 (Groundball, 6)
Batting: LHB John Lynch 0-0: Called Strike
0-1: Ground out 6-3 (Groundball, 6M)
Bottom of the 3rd over - 1 run, 1 hit, 0 errors, 1 left on base; BlackIron 0 - Wichita 1
TOP OF THE 4TH
BlackIron Dragons batting - Pitching for Wichita Wranglers : RHP Mike Spencer
Batting: RHB Mel Wells 0-0: Ball
1-0: SINGLE (Line Drive, 7S)
Batting: RHB Millard Long 0-0: Ball
1-0: Called Strike
Mel Wells is caught stealing 2nd base
1-1: Ball
2-1: SINGLE (Line Drive, 9S)
Batting: RHB Foster Hapgood 0-0: Foul Ball, location: 2F
0-1: Foul Ball, location: 2F
0-2: Ball
1-2: SINGLE (Groundball, 6D)
Millard Long to second
Batting: RHB Alexander Barr 0-0: Foul Ball, location: 2F
0-1: Swinging Strike
0-2: Foul Ball, location: 2F
0-2: Ball
1-2: Ball
2-2: Foul Ball, location: 2F
2-2: Ball
3-2: Foul Ball, location: 2F
3-2: Base on Balls
Millard Long to third
Foster Hapgood to second
Batting: RHB Jason Erickson 0-0: Called Strike
0-1: Called Strike
0-2: Strikes out looking
Batting: RHB Júlio Rodríguez 0-0: Ball
1-0: Foul Ball, location: 2F
1-1: Swinging Strike
1-2: Ball
2-2: Foul Ball, location: 2F
2-2: Ball
3-2: Ground out 5-3 (Groundball, 56D)
Top of the 4th over - 0 runs, 3 hits, 0 errors, 3 left on base; BlackIron 0 - Wichita 1
BOTTOM OF THE 4TH
Wichita Wranglers batting - Pitching for BlackIron Dragons : RHP José Moreno
Batting: RHB Taylor Justice 0-0: Ground out 6-3 (Groundball, 6S)
Batting: RHB Travis Ezell 0-0: Foul Ball, location: 2F
0-1: Swinging Strike
0-2: Strikes out looking
Batting: LHB Travis Jefferson 0-0: Called Strike
0-1: Fly out, F7 (Flyball, 7S)
Bottom of the 4th over - 0 runs, 0 hits, 0 errors, 0 left on base; BlackIron 0 - Wichita 1
TOP OF THE 5TH
BlackIron Dragons batting - Pitching for Wichita Wranglers : RHP Mike Spencer
Batting: RHB Randall Walker 0-0: Ball
1-0: Ball
2-0: Swinging Strike
2-1: Foul Ball, location: 2F
2-2: Foul Ball, location: 2F
2-2: Ball
3-2: Fly out, F7 (Flyball, 7)
Batting: LHB Joe Baker 0-0: Ball
1-0: Foul Ball, location: 2F
1-1: Swinging Strike
1-2: Strikes out swinging
Batting: RHB Joaquín Valenzuela 0-0: Called Strike
0-1: Foul Ball, location: 2F
0-2: Ball
1-2: SINGLE (Line Drive, 3D)
Batting: RHB Mel Wells 0-0: Ball
Joaquín Valenzuela is caught stealing 2nd base
Top of the 5th over - 0 runs, 1 hit, 0 errors, 0 left on base; BlackIron 0 - Wichita 1
BOTTOM OF THE 5TH
Wichita Wranglers batting - Pitching for BlackIron Dragons : RHP José Moreno
Batting: RHB Ricardo Velásquez 0-0: Foul Ball, location: 2F
0-1: Ball
1-1: Ball
2-1: Ground out 5-3 (Groundball, 5L)
Batting: RHB Walter Brown 0-0: Ball
1-0: Ball
2-0: Called Strike
2-1: Ground out 4-3 (Groundball, 4)
Batting: RHB Mauro Paredes 0-0: Foul Ball, location: 2F
0-1: Ball
1-1: Ball
2-1: Foul Ball, location: 2F
2-2: Ground out 6-3 (Groundball, 6)
Bottom of the 5th over - 0 runs, 0 hits, 0 errors, 0 left on base; BlackIron 0 - Wichita 1
TOP OF THE 6TH
BlackIron Dragons batting - Pitching for Wichita Wranglers : RHP Mike Spencer
Batting: RHB Mel Wells 0-0: Ball
1-0: Ball
2-0: Ball
3-0: Base on Balls
Batting: RHB Millard Long 0-0: Ball
Mel Wells steals 2nd base
1-0: Foul Ball, location: 2F
1-1: Swinging Strike
1-2: Ball
2-2: Ball
Wild Pitch!
Mel Wells to third
3-2: Foul Ball, location: 2F
3-2: Base on Balls
Pitching: RHP Héctor Bernard
Batting: RHB Foster Hapgood 0-0: Called Strike
Millard Long is caught stealing 2nd base
0-1: Foul Ball, location: 2F
0-2: Strikes out swinging
Batting: RHB Alexander Barr 0-0: Foul Ball, location: 2F
0-1: Ball
1-1: Ball
2-1: Ball
3-1: SINGLE (Line Drive, 9LS)
Mel Wells scores
Pinch Runner at 1st Iván Granados:
Batting: RHB Jason Erickson 0-0: Ball
Iván Granados is caught stealing 2nd base
Top of the 6th over - 1 run, 1 hit, 0 errors, 0 left on base; BlackIron 1 - Wichita 1
BOTTOM OF THE 6TH
Wichita Wranglers batting - Pitching for BlackIron Dragons : RHP José Moreno
Now in LF: Iván Granados
Batting: SHB Dan Dunn 0-0: Called Strike
0-1: Ball
1-1: Foul Ball, location: 2F
1-2: Ball
2-2: Ball
3-2: SINGLE (Groundball, 34D)
Batting: LHB Terry Neal 0-0: Ball
1-0: Fly out, F9 (Flyball, 9LSF)
Batting: LHB John Lynch 0-0: Ball
1-0: Ball
2-0: Ball
3-0: Called Strike
3-1: Fielders Choice at 2nd, 1-6 (Groundball, 13S)
Batting: RHB Taylor Justice 0-0: Called Strike
0-1: Ball
1-1: Ball
2-1: SINGLE (Flyball, 7S)
John Lynch to second
Batting: RHB Travis Ezell 0-0: Fly out, F9 (Flyball, 9S)
Bottom of the 6th over - 0 runs, 2 hits, 0 errors, 2 left on base; BlackIron 1 - Wichita 1
TOP OF THE 7TH
BlackIron Dragons batting - Pitching for Wichita Wranglers : RHP Héctor Bernard
Batting: RHB Jason Erickson 0-0: Ball
1-0: Ball
2-0: Foul Ball, location: 2F
2-1: Fly out, F4 (Popup, 23)
Batting: RHB Júlio Rodríguez 0-0: Ball
1-0: SINGLE (Groundball, 56D)
Pinch Hitting: LHB José Martínez 0-0: Ball
1-0: Hit by Pitch
Júlio Rodríguez to second
Pitching: LHP Vernon Mathis
Pinch Hitting: RHB Roderick Silva 0-0: Foul Ball, location: 2F
0-1: Foul Ball, location: 2F
0-2: Ball
1-2: Foul Ball, location: 2F
1-2: Ground out 5-3 (Groundball, 56S)
Júlio Rodríguez to third
José Martínez to second
Pitching: RHP Kirby Graham
Pinch Hitting: RHB Doug O'Brien 0-0: Called Strike
0-1: Ball
1-1: Foul Ball, location: 2F
1-2: Strikes out looking
Top of the 7th over - 0 runs, 1 hit, 0 errors, 2 left on base; BlackIron 1 - Wichita 1
BOTTOM OF THE 7TH
Wichita Wranglers batting - Pitching for BlackIron Dragons : RHP José Moreno
Now at 2B: Jake Erickson
Now in CF: Miguel Barrón
Now in RF: Jesús Castillo
Batting: LHB Travis Jefferson 0-0: Foul Ball, location: 2F
0-1: Hit by Pitch
Batting: RHB Ricardo Velásquez 0-0: Ball
1-0: Ball
2-0: Ball
3-0: Base on Balls
Travis Jefferson to second
Batting: RHB Walter Brown 0-0: Ball
1-0: Bunt missed!
1-1: Sac Bunt - play at first, batter OUT! 5-4
Travis Jefferson to third
Ricardo Velásquez to second
Pinch Hitting: LHB Chris Gibson 0-0: Intentional Walk
Batting: SHB Dan Dunn 0-0: SINGLE (Groundball, 4MD)
Travis Jefferson scores
Ricardo Velásquez to third
Chris Gibson to second
Pitching: RHP Jorge Román
Batting: LHB Terry Neal 0-0: Called Strike
0-1: Swinging Strike
0-2: Grounds into fielders choice 3-2 (Groundball, 3)
Chris Gibson to third
Dan Dunn to second
Batting: LHB John Lynch 0-0: Ball
1-0: Ball
2-0: Ball
3-0: Called Strike
3-1: Fly out, F5 (Popup, 56)
Bottom of the 7th over - 1 run, 1 hit, 0 errors, 3 left on base; BlackIron 1 - Wichita 2
TOP OF THE 8TH
BlackIron Dragons batting - Pitching for Wichita Wranglers : RHP Kirby Graham
Now at 1B: Juan Glaviz
Batting: RHB Mel Wells 0-0: Foul Ball, location: 2F
0-1: Ball
1-1: SINGLE (Groundball, 6MD)
Batting: RHB Millard Long 0-0: Ball
1-0: Foul Ball, location: 2F
1-1: Ball
2-1: Called Strike
2-2: Foul Ball, location: 2F
2-2: Strikes out swinging
Batting: RHB Foster Hapgood 0-0: Called Strike
0-1: SINGLE (Line Drive, 8RD)
Mel Wells to second
Batting: RHB Iván Granados 0-0: Swinging Strike
0-1: Called Strike
0-2: Strikes out looking
Batting: RHB Jason Erickson 0-0: Ball
1-0: Called Strike
1-1: Called Strike
1-2: Ball
2-2: Strikes out swinging passed ball, reaches first!
Mel Wells to third
Foster Hapgood to second
Batting: RHB Júlio Rodríguez 0-0: Called Strike
0-1: Ball
1-1: Called Strike
1-2: Foul Ball, location: 2F
1-2: Fly out, F8 (Flyball, 8LD)
Top of the 8th over - 0 runs, 2 hits, 0 errors, 3 left on base; BlackIron 1 - Wichita 2
BOTTOM OF THE 8TH
Wichita Wranglers batting - Pitching for BlackIron Dragons : RHP Jorge Román
Batting: RHB Taylor Justice 0-0: Ball
1-0: Called Strike
1-1: Called Strike
1-2: Ball
2-2: Foul Ball, location: 2F
2-2: Foul Ball, location: 2F
2-2: Fly out, F8 (Flyball, 8RM)
Batting: RHB Travis Ezell 0-0: Called Strike
0-1: Ball
1-1: Ground out 6-3 (Groundball, 6)
Batting: LHB Travis Jefferson 0-0: Ball
1-0: Ball
2-0: SINGLE (Groundball, 34D)
Batting: RHB Ricardo Velásquez 0-0: Ball
1-0: Fly out, F4 (Popup, 4)
Bottom of the 8th over - 0 runs, 1 hit, 0 errors, 1 left on base; BlackIron 1 - Wichita 2
TOP OF THE 9TH
BlackIron Dragons batting - Pitching for Wichita Wranglers : RHP Kirby Graham
Pitching: LHP Pedro Rodríguez
Now at SS: Julián Espinoza
Pinch Hitting: RHB Vernon Sterling 0-0: Ball
1-0: Called Strike
1-1: Ball
2-1: Foul Ball, location: 2F
2-2: Fly out, F6 (Popup, 6MS)
Batting: RHB Jesús Castillo 0-0: Called Strike
0-1: Swinging Strike
0-2: Ball
1-2: Strikes out looking
Batting: RHB Jake Erickson 0-0: Ball
1-0: Foul Ball, location: 2F
1-1: Ball
2-1: Ball
3-1: Fly out, F5 (Popup, 56)
Top of the 9th over - 0 runs, 0 hits, 0 errors, 0 left on base; BlackIron 1 - Wichita 2
Saturday, April 7th, 2018 - OOTP Baseball 18.8 Build 76